 Dungeon Crawl Stone Soup version 0.27-a0-1434-g6f15984924 (webtiles) character file.

Game seed: 9302750133262857251

47 shakesphere1979 the Firebug (level 3, -7/26 HPs)
             Began as a Demonspawn Fire Elementalist on July 3, 2021.
             Killed by divine providence
             ... invoked by an orc priest
              (14 damage)
             ... on level 3 of the Dungeon.
             The game lasted 00:05:05 (1854 turns).

shakesphere1979 the Firebug (DsFE)                  Turns: 1854, Time: 00:05:06

Health: -7/26      AC:  2    Str:  8    XL:     3   Next: 48%
Magic:  6/6        EV: 12    Int: 17    God:
Gold:   151        SH:  0    Dex: 13    Spells: 3/6 levels left

rFire    . . .     SeeInvis .   r - +0 long sword
rCold    . . .     Faith    .   (no shield)
rNeg     . . .     Spirit   .   a - +0 robe
rPois    .         Reflect  .   (no helmet)
rElec    .         Harm     .   (no cloak)
rCorr    .         Rampage  .   (no gloves)
Will     .....                  (no boots)
Stlth    ++........             (no amulet)
HPRegen  0.08/turn              (no ring)
MPRegen  0.10/turn              (no ring)

@: no status effects
A: demonic guardian 1, spiny 1
a: no special abilities


You were on level 3 of the Dungeon.
You visited 1 branch of the dungeon, and saw 3 of its levels.

You collected 151 gold pieces.

Inventory:

Hand Weapons
 n - a +0 falchion
 r - a +0 long sword (weapon)
Missiles
 c - 18 sling bullets
 e - 18 stones
 g - 26 arrows
 o - 22 bolts
Armour
 a - a +0 robe (worn)
Scrolls
 b - a scroll of brand weapon {unknown}
 d - 2 scrolls of identify {unknown}
 f - 4 scrolls of amnesia {unknown}
 i - a scroll of fog {unknown}
 j - a scroll of teleportation {unknown}
 l - a scroll of enchant armour {unknown}
 m - a scroll of blinking {unknown}
Potions
 h - a potion of flight {unknown}
 k - 2 potions of heal wounds {unknown}
 p - a potion of mutation {unknown}
 q - 2 potions of curing {unknown}


   Skills:
 + Level 1.3 Fighting
 - Level 1.7 Dodging
 - Level 2.0 Stealth
 + Level 2.4 Spellcasting
 + Level 1.8 Conjurations
 + Level 0.1 Summonings
 - Level 3.0 Fire Magic


You had 3 spell levels left.
You knew the following spells:

 Your Spells              Type           Power      Damage    Failure   Level
a - Foxfire               Conj/Fire      40%        2x1d6     7%          1
b - Call Imp              Summ           2%         N/A       26%         2

Your spell library contained the following spells:

 Spells                   Type           Power      Damage    Failure   Level
 Magic Dart               Conj           32%        1d4       9%          1
 Corona                   Hex            2%         N/A       19%         1
 Conjure Flame            Conj/Fire      10%        6-21      21%         3
 Ensorcelled Hibernation  Hex/Ice        4%         N/A       28%         2
 Inner Flame              Hex/Fire       7%         N/A       30%         3
 Ignite Poison            Fire/Tmut/Pois 5%         N/A       36%         3
 Mephitic Cloud           Conj/Pois/Air  4%         N/A       41%         3
 Tukima's Dance           Hex            2%         N/A       50%         3
 Sticky Flame             Conj/Fire      10%        2d3       56%         4
 Fireball                 Conj/Fire      5%         3d5       88%         5


Dungeon Overview and Level Annotations

Branches:
Dungeon (3/15)

Altars:
Ru

Shops:
D:3 =


Innate Abilities, Weirdness & Mutations

A weak demonic guardian rushes to your aid.
You are partially covered in sharp spines.


Message History

The endoplasm freezes you.
You are frozen.
A demonic guardian appears!
You hit the endoplasm.
You kill the endoplasm!
You swap places.
You hit the endoplasm.
The endoplasm is heavily wounded.
The endoplasm barely misses you.
You hit the endoplasm.
You kill the endoplasm!
No target in view!
No target in view!
Your white imp disappears in a puff of smoke!
HP restored.
You see here a +0 long sword.
As you open the door, it creaks loudly!
An endoplasm comes into view.
An orc comes into view. It is wielding a +0 dagger.
An orc priest comes into view. It is wielding a +0 mace.
The endoplasm freezes you.
You are frozen.
You hit the endoplasm.
The endoplasm is moderately wounded.
The orc priest invokes the aid of Beogh against you.
Beogh smites you!
Ouch! That really hurt!
A demonic guardian appears!
The endoplasm freezes you.
You are frozen.
* * * LOW HITPOINT WARNING * * *
You hear a shout! x2
You swap places.
The endoplasm hits your iron imp but does no damage.
Your iron imp hits the endoplasm!
The endoplasm dies!
You see here a +0 long sword.
The orc priest mumbles some strange prayers to Beogh against you.
Beogh smites you!
Ouch! That really hurt!
You die...

... ...# ######
#..# #....# #..#
#....# #..##
#....# ##...#
#....# #..#.####
#....# #...♣...#
##...@###..♣.♣..##
#
#.o.5.....♣...♣..#
#.
#.#####..♣..∩..♣.#
#.o #.#
#.#.♣...♣..# #.o.
#o# #.#..♣.♣..##
#....#o#
#.#...♣...##
+....'.#
#.##.......#
#....###
#+##.......#
...... #.......#


You could see an orc priest and a friendly iron imp (summoned).

Vanquished Creatures
  An adder (D:2)
  2 dart slugs (D:2)
  A ball python (D:2)
  5 endoplasms
  A giant cockroach (D:1)
  3 hobgoblins
  7 jackals
  2 kobolds
  2 quokkas
  2 bats
  2 frilled lizards (D:1)
  2 rats (D:2)
30 creatures vanquished.

Vanquished Creatures (collateral kills)
  An endoplasm (D:3)
1 creature vanquished.

Vanquished Creatures (others)
  40 foxfires
40 creatures vanquished.

Grand Total: 71 creatures vanquished

Notes
Turn   | Place    | Note
-------+----------+-------------------------------------------
     0 | D:1      | shakesphere1979 the Demonspawn Fire Elementalist began the
                  | quest for the Orb.
     0 | D:1      | Reached XP level 1. HP: 13/13 MP: 3/3
   600 | D:1      | Gained mutation: You are partially covered in sharp spines.
                  | [demonic ancestry]
   600 | D:1      | Reached XP level 2. HP: 20/20 MP: 5/5
   965 | D:2      | Found a sacrificial altar of Ru.
  1208 | D:2      | Reached skill level 1 in Fighting
  1208 | D:2      | Reached skill level 3 in Fire Magic
  1208 | D:2      | Gained mutation: A weak demonic guardian rushes to your
                  | aid. [demonic ancestry]
  1208 | D:2      | Reached XP level 3. HP: 26/26 MP: 2/6
  1275 | D:2      | Found a faded altar of an unknown god.
  1596 | D:2      | Learned a level 2 spell: Call Imp
  1774 | D:3      | Found Woijaame's Jewellery Emporium.
  1854 | D:3      | Killed from afar by an orc priest

Illustrated notes

Levels and vault maps discovered:
D:1:      beargit_arrival_greenhouse, layout_loops_cross
D:2:      layout_rooms, ebering_ecumenical_altar_abandoned, basic_altar,
          minivault_5
D:3:      gammafunk_steamed_eel, layout_basic, serial_shops,
          nicolae_diamond_shop

Skill      XL: |  1  2 |
---------------+-------+-----
Stealth        | 2 |  2.0
Fighting       | 1 |  1.3
Fire Magic     | 3 |  3.0
Dodging        | |  1.7
Spellcasting   | |  2.4
Conjurations   | |  1.8
Summonings     | |  0.1

Action                   || total
-------------------------++-------
Melee: Dagger            ||    15
       Falchion          ||    13
       Long sword        ||     4
 Cast: Foxfire           ||    22
 Stab: Sleeping          ||     4
Armor: Robe              ||     5
Dodge: Dodged            ||    25
       Rpst.: Falchion   ||     3

Table legend: (Time is in decaauts)
 A = Elapsed time spent in this place.
 B = Non-inter-level travel time spent in this place.
 C = Inter-level travel time spent in this place.
 D = Time resting spent in this place.
 E = Time spent auto-exploring this place.
 F = Levels seen in this place.
 G = Mean time per level.
                   A        B        C        D        E       F      G
               +--------+--------+--------+--------+--------+-----+--------+
         Total |   1857 |   1798 |     59 |     25 |   1432 |   3 |  619.0 |
       Dungeon |   1857 |   1798 |     59 |     25 |   1432 |   3 |  619.0 |
               +--------+--------+--------+--------+--------+-----+--------+

Top non-repeatable levels by time:
     D:1: 964 daAuts
     D:2: 774 daAuts
     D:3: 118 daAuts
